Construct Section Command Post
Construct Platoon Command Post
Unlock Bishop Self-propelled Artillery
Bishop Self-propelled Artillery
Bishop Self-propelled Artillery
6-pounder Anti-tank Gun Team
6-pounder Anti-tank Gun Team
Construct Company Command Post
Unlock Towed 17-pounder Anti-tank Guns
Selects Heavy Armor Battlegroup
Selects Heavy Armor Battlegroup
Selects Engineer Detachments
Selects Forward Repair Assembly
Selects UNKNOWN (2162094)
Selects Light Vehicle Withdraw and Refit
17-pounder Anti-tank Gun Team
Bishop Self-propelled Artillery